 Dungeon Crawl Stone Soup version 0.13.1-27-ga479965 (webtiles) character file.

50 Charos the Charmwright (level 2, -2/18 HPs)
             Began as a High Elf Skald on Feb 14, 2014.
             Killed by nerve-wracking pain
             ... invoked by Jessica
              (4 damage)
             ... on Level 2 of the Dungeon.
             The game lasted 00:04:00 (1465 turns).

Charos the Charmwright (High Elf Skald)             Turns: 1465, Time: 00:04:00

HP  -2/18        AC  4     Str 11      XL: 2   Next: 58%
MP   1/6         EV 11     Int 15      God:
Gold 30          SH  0     Dex 14      Spells:  2 memorised,  2 levels left

Res.Fire  : . . .   See Invis. : .   a - +0 elf short sword
Res.Cold  : . . .   Warding    : .   b - +0 elf leather armour
Life Prot.: . . .   Conserve   : .   (no shield)
Res.Poison: .       Res.Corr.  : .   (no helmet)
Res.Elec. : .       Clarity    : .   (no cloak)
Sust.Abil.: . .     Spirit.Shd : .   (no gloves)
Res.Mut.  : .       Stasis     : .   g - +0 pair of boots
Res.Rott. : .       Flight     : .   (no amulet)
Saprovore : . . .                    (no ring)
                                     (no ring)

@: quite poisoned, very slightly contaminated, not resistant to hostile
enchantments, unstealthy
A: no striking features
a: no special abilities


You were on level 2 of the Dungeon.
You were not hungry.

You visited 1 branch of the dungeon, and saw 2 of its levels.

You collected 10 gold pieces.

Inventory:

Hand weapons
 a - a +0,+0 elven short sword (weapon)
Armour
 b - a +0 elven leather armour (worn)
 g - a +0 pair of boots (worn)
Comestibles
 d - a bread ration
 j - a meat ration
Scrolls
 e - 2 scrolls of teleportation {unknown}
 f - a scroll of remove curse {unknown}
 i - a scroll of enchant weapon I {unknown}
 k - a scroll of curse weapon {unknown}
 l - a scroll of magic mapping {unknown}
 o - a scroll of identify {unknown}
 p - a scroll of fear {unknown}
Potions
 n - a potion of agility {unknown}
Books
 c - a book of Battle

   Spells                             Type                      Level
   *Infusion                          Charms                       1
   *Shroud of Golubria                Charms/Translocation         2
   Song of Slaying                    Charms                       2
   Spectral Weapon                    Hexes/Charms                 3
   Regeneration                       Charms/Necromancy            3
   Song of Shielding                  Charms                       4


   Skills:
 + Level 2.1 Fighting
 + Level 2.6 Short Blades
 - Level 0.8 Armour
 + Level 1.9 Dodging
 - Level 2.4 Spellcasting
 * Level 4.2 Charms


You had 2 spell levels left.
You knew the following spells:

 Your Spells              Type           Power        Failure   Level  Hunger
a - Infusion              Chrm           ##....       4%          1    #......
b - Shroud of Golubria    Chrm/Tloc      #.........   14%         2    ##.....


Dungeon Overview and Level Annotations

Branches:
Dungeon (2/27)

Altars:

Annotations:
D:2 Jessica


Message History

Jessica is heavily wounded.
Jessica hits you with a dagger of venom.
You are more poisoned.
You hit Jessica but do no damage.
Jessica is heavily wounded.
You feel sick.
Jessica hits you with a dagger of venom.
* * * LOW HITPOINT WARNING * * *
You are too injured to fight recklessly!
You are too injured to fight recklessly!
You are too injured to fight recklessly!
* * * LOW HITPOINT WARNING * * *
You feel sick.
* * * LOW HITPOINT WARNING * * *
You feel sick.
* * * LOW HITPOINT WARNING * * *
You feel sick. Jessica gestures at you while chanting.
Pain shoots through your body!
You die...

..# #..# #..#
#..# . #..#
... #..# ....
#..# .....
#..####w......
#.@.@lg.......
#.#####.......
#.# ##### #.#
#.# #.########
#........#
########.# #.#


You could see a worm, Jessica, a goblin and a giant newt.

Vanquished Creatures
  A giant gecko (D:1)
  A bat (D:1)
  5 goblins (D:1)
  2 hobgoblins (D:1)
  4 kobolds
  A quokka (D:2)
  2 giant cockroaches (D:1)
  2 giant newts (D:1)
  A rat (D:1)
19 creatures vanquished.

Vanquished Creatures (others)
  A goblin (D:1)
1 creature vanquished.

Grand Total: 20 creatures vanquished

Notes
Turn   | Place    | Note
--------------------------------------------------------------
     0 | D:1      | Charos, the High Elf Skald, began the quest for the Orb.
     0 | D:1      | Reached XP level 1. HP: 13/13 MP: 4/4
   488 | D:1      | Reached skill level 4 in Charms
   488 | D:1      | Reached XP level 2. HP: 16/18 MP: 3/6
   492 | D:1      | Learned a level 2 spell: Shroud of Golubria
  1447 | D:2      | Noticed Jessica
  1465 | D:2      | Killed from afar by Jessica

Action                   || total
-------------------------++-------
Melee: Short sword       ||    79
 Cast: Infusion          ||     4
       Shroud of Golubri ||     7
  Use: Potion            ||     2
